 Dungeon Crawl Stone Soup version 0.31-a0-162-gc4c5a43528 (webtiles) character file.

Game seed: 2292337645577661833

82 qw the Chopper (level 4, 0/28 HPs)
             Began as a Gargoyle Fighter on June 12, 2023.
             Killed from afar by an orc wizard (7 damage)
             ... with a magic dart
             ... on level 3 of the Dungeon.
             The game lasted 00:01:03 (1912 turns).

qw the Chopper (Gargoyle Fighter)                   Turns: 1912, Time: 00:01:04

Health: 0/28       AC: 11    Str: 21    XL:     4   Next: 43%
Magic:  4/4        EV:  9    Int:  9    God:
Gold:   170        SH:  5    Dex: 15    Spells: 3/3 levels left

rFire   . . .        Y - +0 war axe
rCold   . . .        c - +0 buckler
rNeg    + . .        b - +0 scale mail
rPois   inf          (no helmet)
rElec   +            n - +0 cloak
rCorr   .            (no gloves)
SInv    .            (no boots)
Will    .....        (no amulet) Stlth
                     j - +6 ring of dexterity
HPRegen 0.24/turn    (no ring)
MPRegen 0.09/turn

%: no passive effects
@: no status effects
A: sickness immunity, AC +3, negative energy resistance 1, electricity
resistance, torment resistance 1, petrification resistance
a: no special abilities


You were on level 3 of the Dungeon.
You visited 1 branch of the dungeon, and saw 3 of its levels.

You collected 170 gold pieces.


Innate Abilities, Weirdness & Mutations

You are immune to sickness and miasma.
Your stone body is resilient. (AC +3)
You are immune to poison.
You resist negative energy. (rN+)
You are resistant to electric shocks. (rElec)
You are resistant to unholy torment.
You are immune to petrification.


   Skills:
 - Level 3.2 Fighting
 + Level 3.9 Axes
 - Level 3.2 Armour
 - Level 1.0 Dodging
 - Level 3.2 Shields


You had 3 spell levels left.
You didn't know any spells.
Your spell library was empty.

Inventory:

Hand Weapons
 h - a +0 flail
 Y - a +0 war axe (weapon)
Armour
 b - a +0 scale mail (worn)
 c - a +0 buckler (worn)
 n - a +0 cloak (worn)
Jewellery
 j - a +6 ring of dexterity (left hand)
Scrolls
 i - a scroll of vulnerability {unknown}
 k - a scroll of immolation {unknown}
 m - a scroll of identify
 o - a scroll of fear {unknown}
Potions
 a - a potion of enlightenment {unknown}
 d - 2 potions of might
 e - a potion of haste {unknown}
 f - a potion of invisibility {unknown}
 g - 3 potions of curing {unknown}
 l - a potion of brilliance {unknown}

Dungeon Overview and Level Annotations

Branches:
Dungeon (3/15)

Altars:


Message History

Enter note:
Enter note:
Enter note: An orc comes into view. It is wielding a +0 hand axe.
The orc shouts!
An orc priest comes into view. It is wielding a +0 flail.
The orc wizard points at you and mumbles some strange words.
The magic dart hits you.
An adder comes into view.
The orc wizard casts a spell at you. The magic dart hits you.
The adder hisses angrily.
You hear a shout!
An orc comes into view. It is wielding a +0 hand axe.
You feel less confused.
The orc wizard casts a spell.
The orc wizard flickers and vanishes!
Deactivating autopickup; reactivate with Ctrl-A.
The orc hits you with a +0 hand axe. Something hits you but does no damage.
Enter note:
Enter note:
Enter note:
Enter note:
Enter note:
Enter note: You closely miss the orc priest.
You hit the orc but do no damage. You miss something.
You block the orc priest's attack. The orc hits you but does no damage.
Something hits you.
You hit the orc priest.
The orc priest is moderately wounded.
You hit the adder but do no damage. You barely miss something.
You closely miss the orc. You block the orc priest's attack.
The orc barely misses you.
You hear some strange, mumbled words.
A puff of flame appears from out of thin air!
The puff of flame hits you! The adder bites you but does no damage.
You hear some strange, mumbled words.
A magic dart appears from out of thin air!
The magic dart hits you!
You die...

.......[......
................ #.#
...)............##..
....##.......#..#..#
.##..#.............#
###..%.............####
###.#.........o.......
...............oo{.#
...............S@..#
........#..........#
...........#......)#
.......##..#.......#
......## #.........#
.......###..########
..>...........#
......#.......#
......#...>...#


You could see an orc priest, an adder and 2 orcs.

Vanquished Creatures
  An adder (D:2)
  2 worms (D:2)
  2 dart slugs
  An orc (D:3)
  6 ball pythons
  6 bats
  7 endoplasms
  2 giant cockroaches (D:1)
  3 hobgoblins
  A quokka (D:3)
  3 frilled lizards
  8 goblins
  13 kobolds
  4 rats
59 creatures vanquished.

Notes
Turn   | Place    | Note
-------+----------+-------------------------------------------
     0 | D:1      | qw the Gargoyle Fighter began the quest for the Orb.
     0 | D:1      | Reached XP level 1. HP: 14/14 MP: 1/1
     0 | D:1      | 0 ||| qw: Version: 0.2-a-29-gc1b59c4
     0 | D:1      | 0 ||| qw: Game counter: 4312
     0 | D:1      | 0 ||| qw: Always use a shield: true
     0 | D:1      | 0 ||| qw: God list: Okawaru
     0 | D:1      | 0 ||| qw: Allow faded altars: false
     0 | D:1      | 0 ||| qw: Do Orc after D:15 true
     0 | D:1      | 0 ||| qw: Do second Lair branch before Depths: true
     0 | D:1      | 0 ||| qw: Lair rune preference: random
     0 | D:1      | 0 ||| qw: Plans: Normal, Zot:1-4, Slime:5, God:TSO, Crypt,
                  | Tomb, Abyss, Pan, Hells, Win
     0 | D:1      | 0 ||| PLANNING D:1-11
   182 | D:1      | 182 ||| Stepping ~*~*~tactically~*~*~ (stealth).
   194 | D:1      | Reached XP level 2. HP: 17/19 MP: 2/2
   249 | D:1      | 249 ||| Stepping ~*~*~tactically~*~*~ (stealth).
   251 | D:1      | 251 ||| Stepping ~*~*~tactically~*~*~ (stealth).
   255 | D:1      | 255 ||| Stepping ~*~*~tactically~*~*~ (stealth).
   328 | D:1      | 328 ||| DROPPING +0 club.
   375 | D:1      | Reached skill level 3 in Axes
   418 | D:1      | Reached XP level 3. HP: 23/23 MP: 3/3
   510 | D:1      | 510 ||| UPGRADING to +0 cloak.
   529 | D:1      | 529 ||| UPGRADING to +6 ring of dexterity.
   530 | D:1      | 530 ||| READING scroll labelled LUGOACURGHU.
   531 | D:1      | 531 ||| FLEEEEING.
   532 | D:1      | 532 ||| FLEEEEING.
   533 | D:1      | 533 ||| FLEEEEING.
   535 | D:1      | 535 ||| FLEEEEING.
   536 | D:1      | 536 ||| FLEEEEING.
   539 | D:1      | 539 ||| FLEEEEING.
   540 | D:1      | 540 ||| FLEEEEING.
   541 | D:1      | 541 ||| FLEEEEING.
   542 | D:1      | 542 ||| FLEEEEING.
   543 | D:1      | 543 ||| FLEEEEING.
   544 | D:1      | 544 ||| FLEEEEING.
   546 | D:1      | 546 ||| FLEEEEING.
   547 | D:1      | 547 ||| FLEEEEING.
   548 | D:1      | 548 ||| FLEEEEING.
   550 | D:1      | 550 ||| FLEEEEING.
   551 | D:1      | 551 ||| FLEEEEING.
   552 | D:1      | 552 ||| FLEEEEING.
   553 | D:1      | 553 ||| FLEEEEING.
   554 | D:1      | 554 ||| FLEEEEING.
   555 | D:1      | 555 ||| FLEEEEING.
   556 | D:1      | 556 ||| FLEEEEING.
   557 | D:1      | 557 ||| FLEEEEING.
   558 | D:1      | 558 ||| FLEEEEING.
   559 | D:1      | 559 ||| FLEEEEING.
   720 | D:1      | 720 ||| READING 2 scrolls labelled ZAENEG VEE.
   721 | D:1      | 721 ||| READING scroll labelled KILU BIGAFA.
   722 | D:1      | 722 ||| READING scroll labelled OLUAD VAPT.
   723 | D:1      | 723 ||| READING 2 scrolls labelled XEUKLO ZENI.
   726 | D:1      | 726 ||| READING scroll labelled NASMUBURAC.
   759 | D:1      | 759 ||| Stepping ~*~*~tactically~*~*~ (stealth).
   858 | D:1      | 858 ||| DROPPING scroll of noise.
   859 | D:1      | 859 ||| DROPPING scroll of fog.
   979 | D:2      | Reached skill level 1 in Dodging
   996 | D:2      | 996 ||| Stepping ~*~*~tactically~*~*~ (stealth).
   997 | D:2      | 997 ||| Stepping ~*~*~tactically~*~*~ (stealth).
  1192 | D:2      | 1192 ||| Stepping ~*~*~tactically~*~*~ (hiding).
  1199 | D:2      | Reached XP level 4. HP: 28/28 MP: 4/4
  1535 | D:2      | 1535 ||| READING scroll labelled IZUBELL ZUTE.
  1628 | D:3      | 1628 ||| DROPPING +0 whip.
  1647 | D:3      | 1647 ||| Stepping ~*~*~tactically~*~*~ (stealth).
  1692 | D:3      | 1692 ||| Stepping ~*~*~tactically~*~*~ (hiding).
  1912 | D:3      | HP: 7/28 [something/puff of flame (7)]
  1912 | D:3      | Killed from afar by an orc wizard

Levels and vault maps discovered:
D:1:      psy_arrival_fountain, layout_basic, hangedman_glass_teeth,
          minmay_split_cup_small
D:2:      layout_rooms, minmay_misc_feat_plants, kennysheep_cross_bottleneck
D:3:      layout_rooms, kennysheep_nondescript

Skill      XL: |  1  2  3 |
---------------+----------+-----
Axes           | 2 3 |  3.9
Dodging        | 1 |  1.0
Fighting       | |  3.2
Armour         | |  3.2
Shields        | |  3.2

Action                     |  1- 3 |  4- 6 || total
---------------------------+-------+-------++-------
  Melee: War axe           |   103 |    20 ||   123
  Throw: Boomerang         |    55 |    11 ||    66
    Use: Scroll            |     6 |     1 ||     7
 Armour: Scale mail        |    48 |    12 ||    60
  Dodge: Dodged            |    49 |     6 ||    55
  Block: Buckler           |    24 |     5 ||    29

Table legend:
 A = Non-vault XP
 B = Vault XP
 C = Vault XP percentage of total XP
 D = Non-vault monster count
 E = Vault monster count
 F = Vault count percentage of total count
                 A         B        C        D         E       F
            +---------+---------+-------+---------+---------+-------
      Total |     114 |       4 |   3.4 |      56 |       3 |   5.1
            +---------+---------+-------+---------+---------+-------
        D:1 |      44 |       4 |   8.3 |      29 |       3 |   9.4
        D:2 |      51 |       0 |   0.0 |      18 |       0 |   0.0
        D:3 |      19 |       0 |   0.0 |       9 |       0 |   0.0
            +---------+---------+-------+---------+---------+-------
